 Dungeon Sprint DCSS version 0.28-b1-1-g3c77fb2ed1 (webtiles) character file.

Game seed: 14436305676112448940

250 boopmooplesden the Protected (level 5, -4/56 HPs)
             Began as a Minotaur Fighter on Jan 28, 2022.
             Slain by a neqoxec (12 damage)
             ... in the Dungeon (Sprint II: "The Violet Keep of Menkaure").
             The game lasted 00:00:17 (26 turns).

boopmooplesden the Protected (Minotaur Fighter)       Turns: 26, Time: 00:00:18

Health: -4/56      AC:  8    Str: 24    XL:     5   Next: 88%
Magic:  3/3        EV: 10    Int:  5    God:
Gold:   0          SH:  5    Dex: 10    Spells: 4/4 levels left

rFire   . . .      SeeInvis .   a - +0 long sword
rCold   + . .      Faith    .   c - +0 buckler
rNeg    . . .      Spirit   .   b - +0 scale mail
rPois   .          Reflect  .   (helmet restricted)
rElec   .          Harm     .   (no cloak)
rCorr   .          Rampage  .   (no gloves)
Will    .....      NoTele   +   (no boots)
Stlth   ..........              (no amulet)
HPRegen 0.18/turn               (no ring)
MPRegen 0.08/turn               (no ring)

@: mighty, slowed, lost intelligence, unable to read, very slow
A: horns 2, retaliatory headbutt, cold resistance 1, low mp 1, strong 1
a: no special abilities


You were in the Dungeon.
You visited 1 branch

Inventory:

Hand Weapons
 a - a +0 long sword (weapon)
Armour
 b - a +0 scale mail (worn)
 c - a +0 buckler (worn)
Scrolls
 j - a scroll of blinking
Potions
 e - a potion of curing
 g - a potion of haste
 h - 2 potions of magic
 i - a potion of berserk rage


   Skills:
 + Level 8.9 Fighting
 + Level 4.7 Long Blades
 + Level 9.0 Armour
 + Level 0.8 Dodging
 + Level 8.6 Shields


You had 4 spell levels left.
You didn't know any spells.
Your spell library was empty.

Dungeon Overview and Level Annotations

Branches:
Dungeon (1/1)

Altars:


Innate Abilities, Weirdness & Mutations

You have a pair of horns on your head.
You reflexively headbutt those who attack you in melee.
Your flesh is cold resistant. (rC+)
Your magical capacity is low. (-10% MP)
Your muscles are strong. (Str +2)


Message History

The neqoxec gestures at you.
Something tries to feed on your intellect!
The neqoxec hits you.
* * * LOW HITPOINT WARNING * * *
You slash the neqoxec!
You kill the neqoxec!
The neqoxec hits you.
* * * LOW HITPOINT WARNING * * *
You feel your intelligence returning.
Your Fighting skill increases to level 8!
Your Long Blades skill increases to level 4!
Your Armour skill gained 2 levels and is now at level 9!
Your Shields skill increases to level 8!
You have reached level 5!
Unknown command.
You barely miss the neqoxec. You block the neqoxec's attack.
You barely miss the neqoxec. The neqoxec gestures at you.
Something tries to feed on your intellect!
The neqoxec gestures at you.
Strange energies course through your body.
You feel less energetic.
You hit the neqoxec.
The neqoxec is lightly wounded.
The neqoxec gestures at you.
Strange energies course through your body.
You feel stronger. The neqoxec gestures at you.
Something tries to feed on your intellect!
You miss the neqoxec.
The neqoxec is lightly wounded.
You block the neqoxec's attack. The neqoxec gestures at you.
Something tries to feed on your intellect!
You closely miss the neqoxec. Your headbutt misses the neqoxec.
The neqoxec is lightly wounded.
The neqoxec hits you.
* * * LOW HITPOINT WARNING * * *
The neqoxec hits you!
You die...

###
##
..##.
.3.
#3#
##@##
+.<.+
##.##
#+#


You could see 2 neqoxecs.

Vanquished Creatures
  2 neqoxecs (D)
2 creatures vanquished.

Notes
Turn   | Place    | Note
-------+----------+-------------------------------------------
     0 | D        | boopmooplesden the Minotaur Fighter began the quest for the
                  | Orb.
     0 | D        | Reached XP level 1. HP: 19/19 MP: 0/0
     1 | D        | Noticed a neqoxec
     1 | D        | Noticed a neqoxec
     1 | D        | Noticed a neqoxec
     1 | D        | Noticed a neqoxec
     3 | D        | Gained mutation: Your flesh is cold resistant. (rC+) [a
                  | neqoxec]
     8 | D        | Lost intelligence.
    12 | D        | Killed a neqoxec
    13 | D        | Reached skill level 7 in Armour
    13 | D        | Reached XP level 2. HP: 12/34 MP: 1/1
    13 | D        | Reached XP level 3. HP: 14/39 MP: 2/2
    13 | D        | Reached XP level 4. HP: 17/47 MP: 3/3
    21 | D        | Killed a neqoxec
    22 | D        | Reached skill level 9 in Armour
    22 | D        | Reached XP level 5. HP: 9/56 MP: 4/4
    23 | D        | Gained mutation: Your magical capacity is low. (-10% MP) [a
                  | neqoxec]
    24 | D        | Gained mutation: Your muscles are strong. (Str +2) [a
                  | neqoxec]
    26 | D        | Slain by a neqoxec

Illustrated notes

Levels and vault maps discovered:
D:        the_violet_keep_of_menkaure [sprint2_stairs_cluster_1,
          sprint2_shoproom, sprint2_temple, sprint2_basic_supplies,
          sprint2_obstacle_5, sprint2_obstacle_1, sprint2_obstacle_6,
          sprint2_obstacle_3, sprint2_obstacle_4, sprint2_timed_cluster_1,
          sprint2_smallroom_cluster_1, sprint2_smallroom_final_cluster_1,
          sprint2_transparent_cluster_1, sprint2_second_timed_cluster_1,
          sprint2_sniper_area_1, sprint2_heavy_combat_area_1,
          sprint2_mutation_trap_area_1, sprint2_forest_area_1,
          sprint2_light_combat_area_1, sprint2_behind_water_1,
          sprint2_near_end_vault_1]

Skill      XL: |  1  2  3  4 |
---------------+-------------+-----
Fighting       | 7 8 |  8.9
Long Blades    | 3 4 |  4.7
Armour         | 7 9 |  9.0
Shields        | 7 8 |  8.6
Dodging        | |  0.8

Action                   |  1- 3 |  4- 6 || total
-------------------------+-------+-------++-------
Melee: Long sword        |     8 |    13 ||    21
  Use: Potion            |     1 |     1 ||     2
Armor: Scale mail        |     3 |       ||     3
Dodge: Dodged            |     2 |       ||     2
Block: Buckler           |     2 |     6 ||     8
